 Dungeon Crawl Stone Soup version 0.21.1-1-g345015fe64 (webtiles) character file.

45718 Rrauwl the Impaler (level 13, -1/107 HPs)
             Began as a Demigod Warper on Feb 10, 2018.
             Slain by a sun demon (9 damage)
             ... led by a balrug
             ... on level 3 of the Abyss on Feb 11, 2018.
             The game lasted 01:25:50 (21169 turns).

Rrauwl the Impaler (Demigod Warper)                Turns: 21169, Time: 01:25:51

Health: -1/107     AC: 27    Str: 20    XL:     13   Next: 63%
Magic:  21/21      EV: 11    Int: 23    God:
Gold:   991        SH:  0    Dex: 17    Spells: 15/18 levels left

rFire    + . .     SeeInvis .   a - +7 lajatang of Order {silver, rMut}
rCold    . . .     Gourm    .   (shield currently unavailable)
rNeg     + . .     Faith    .   Q - +2 storm dragon scales
rPois    +         Spirit   .   o - +0 helmet
rElec    +         Reflect  .   (no cloak)
rCorr    .         Harm     .   y - +1 pair of gloves
rMut     +         Clarity  +   (no boots)
MR       +....                  K - amulet of rage
Stlth    ..........             q - ring of Goblubba {rPois rN+ Int+4}
HPRegen  0.27/turn              O - ring of Robustness {AC+8}
MPRegen  0.17/turn

@: no status effects
A: clarity, clever 1, fire resistance 1, high mp 1, screaming 1
a: Evoke Berserk Rage


You were on level 3 of the Abyss.
You were not hungry.

You visited 3 branches of the dungeon, and saw 16 of its levels.
You visited the Abyss 1 time.
You also visited: Labyrinth.

You collected 991 gold pieces.

Inventory:

Hand Weapons
 a - the +7 lajatang of Order (weapon) {silver, rMut}
   (You took it off an orc on level 6 of the Dungeon)

   It protects you from mutation.
 b - a +0 shortbow of freezing
 c - a +0 morningstar of protection
 x - a +2 spear of freezing
Missiles
 f - 5 tomahawks of dispersal (quivered)
 m - 2 throwing nets
 r - 292 arrows
Armour
 o - a +0 helmet (worn)
 y - a +1 pair of gloves (worn)
 Q - +2 storm dragon scales (worn)
Magical Staves
 H - an uncursed staff of fire
Jewellery
 q - the ring of Goblubba (left hand) {rPois rN+ Int+4}
   (You found it on level 3 of the Abyss)

   [ring of poison resistance]

   It affects your intelligence (+4).
   It protects you from poison.
   It protects you from negative energy.
 D - an uncursed ring of protection from magic
 K - an amulet of rage (around neck)
 M - an uncursed ring of positive energy
 O - the ring of Robustness (right hand) {AC+8}
   (You found it on level 11 of the Dungeon)

   [ring of protection]

   It affects your AC (+8).
 R - an uncursed ring of protection from fire
Wands
 g - a wand of digging (7)
 l - a wand of paralysis (18)
 n - a wand of enslavement (8)
 s - a wand of flame (42)
 B - a wand of disintegration (14)
 E - a wand of polymorph (10)
 G - a wand of iceblast (20)
 N - a wand of acid (10)
Scrolls
 h - 5 scrolls of remove curse
 i - 9 scrolls of identify
 t - 3 scrolls of teleportation
 w - 4 scrolls of blinking
 A - 3 scrolls of fog
 J - a scroll of fear
 Z - a scroll of magic mapping
Potions
 k - 2 potions of flight
 v - a potion of mutation
 F - a potion of heal wounds
 U - a potion of lignification
 V - a potion of resistance
Books
 z - a book of Power

   Spells                             Type                      Level
   a - Iskenderun's Battlesphere      Conjuration/Charms           5
   b - Venom Bolt                     Conjuration/Poison           5
   c - Bolt of Magma                  Conjuration/Fire/Earth       5
   d - Iron Shot                      Conjuration/Earth            6
   e - Orb of Destruction             Conjuration                  7
   f - Spellforged Servitor           Conjuration/Summoning        7
 C - a book of Frost

   Spells                             Type                      Level
   a - Freeze                         Ice                          1
   b - Throw Frost                    Conjuration/Ice              2
   c - Ozocubu's Armour               Charms/Ice                   3
   d - Throw Icicle                   Conjuration/Ice              4
   e - Summon Ice Beast               Ice/Summoning                4
Miscellaneous
 d - a fan of gales
 j - a phantom mirror
 p - a sack of spiders
 u - a box of beasts
Comestibles
 e - 19 rations


   Skills:
 - Level 8.0 Fighting
 + Level 15.4 Polearms
 + Level 7.4 Bows
 - Level 1.0 Throwing
 - Level 8.0 Armour
 - Level 6.0 Dodging
 - Level 3.0 Spellcasting
 + Level 3.9 Translocations
 + Level 6.6 Evocations


You had 15 spell levels left.
You knew the following spells:

 Your Spells              Type           Power        Failure   Level  Hunger
a - Blink                 Tloc           N/A          26%         2    ##.....
b - Apportation           Tloc           ###...       19%         1    None


Dungeon Overview and Level Annotations

Branches:
Dungeon (11/15)            Temple (1/1) D:4            Lair (4/6) D:11
  Swamp (0/4) Lair:2       Spider (0/4) Lair:2          Orc (0/2) D:11

Annotations:
D:8 Maurice
Lair:4 Sonja


Innate Abilities, Weirdness & Mutations

You have an increased reservoir of magic. (+10% MP)
You possess an exceptional clarity of mind.
Your mind is acute. (Int +2)
Your flesh is heat resistant. (rF+)
You occasionally shout uncontrollably at your foes.


Message History

The balrug hits you but does no damage. The sun demon barely misses you.
The red devil hits you but does no damage.
Unknown command.
You barely miss the balrug.
The balrug is severely wounded.
You are covered in liquid flames!
The balrug gestures at you. The bolt of fire misses you.
The sun demon completely misses you.
The red devil hits you but does no damage.
The red devil misses you.
You slash the balrug!
The balrug is severely wounded.
You are covered in liquid flames!
The balrug gestures at you. The bolt of fire hits you! You resist.
* * * LOW HITPOINT WARNING * * *
The sun demon hits you!!
* * * LOW HITPOINT WARNING * * *
You are engulfed in flames!
You resist.
You die...

#...
####...####
#.........#
#...... ..
#.........##
....... ..#
#### .
....##.### #
..
....##3.....##
. #.42@.....#.
# #.4###.#...#
.# . ..... #
#...## #.
.###.....
....#.......
###. . ..#.##
' ###...>.. .
. #. ..#.#.
#.## ## ....
##....8. #....
.... #.# . .


You could see a balrug, a sun demon and 2 red devils.

Vanquished Creatures
  A very ugly thing (D:11)
  Snorg (Lair:3)
  Josephine (D:11)
  A hydra (Lair:2)
  Fannar (Lair:3)
  Erica (D:8)
  3 two-headed ogres
  Nergalle (D:10)
  2 wizards (D:11)
  The ghost of BorisKarlOrff the Spear-Bearer, a novice GrBe of Trog (D:8)
  7 ugly things (D:11)
  4 oklob plants (Lair:2)
  19 elephants
  Psyche (D:8)
  A torpor snail (Lair:3)
  A black mamba (Lair:2)
  An orange demon (Abyss:2)
  A freezing wraith (Abyss:3)
  6 spiny frogs
  A rime drake (Lair:4)
  The ghost of Rrauwl the Slinger, a novice HaHu of Ashenzari (D:4)
  6 komodo dragons
  A polar bear (Lair:3)
  2 trolls (D:11)
  Prince Ribbit (D:6)
  5 jumping spiders (Lair:2)
  6 hippogriffs
  3 slime creatures (D:11)
  A wyvern (Lair:4)
  26 yaks
  3 redbacks (Lair:2)
  5 wraiths (D:11)
  A human (D:10)
  3 basilisks
  Grum (D:9)
  A hungry ghost (D:9)
  A neqoxec (Abyss:3)
  Edmund (D:6)
  5 water moccasins
  A small abomination (Abyss:2)
  6 porcupines
  2 orc warriors
  4 ice beasts
  2 sky beasts (D:11)
  2 phantoms
  A black bear (D:10)
  4 ogres
  34 wolves
  8 centaurs
  2 eyes of draining
  10 crocodiles
  2 big kobolds
  12 bullfrogs
  7 scorpions
  3 wyvern skeletons
  3 wights (D:11)
  A howler monkey (D:7)
  7 crimson imps
  A jelly (D:5)
  A centaur zombie (D:5)
  2 bullfrog zombies
  4 orc priests
  A centaur skeleton (D:7)
  6 hounds
  Jessica (D:3)
  2 bullfrog skeletons
  An iguana (D:4)
  16 orc wizards
  7 worker ants
  A killer bee zombie (D:5)
  A hound skeleton (D:11)
  2 howler monkey zombies
  Robin (D:3)
  17 adders
  7 gnolls (D:5)
  A shadow imp (D:3)
  A white imp (Abyss:2)
  4 worms
  2 dart slugs (D:1)
  10 leopard geckos
  44 orcs
  4 giant cockroaches
  18 goblins
  11 hobgoblins
  4 jackals (D:7)
  7 quokkas
  A ball python (D:1)
  3 bats
  6 frilled lizards
  A jackal skeleton (D:8)
  12 kobolds
  2 leopard gecko skeletons
  A leopard gecko zombie (D:7)
  5 rats
  2 fungi (Lair:1)
  3 plants (Lair:2)
452 creatures vanquished.

Vanquished Creatures (collateral kills)
  A minotaur (Lab)
1 creature vanquished.

Vanquished Creatures (others)
  3 fungi (Lair:2)
  7 plants
10 creatures vanquished.

Grand Total: 463 creatures vanquished

Notes
Turn   | Place    | Note
-------+----------+-------------------------------------------
     0 | D:1      | Rrauwl the Demigod Warper began the quest for the Orb.
     0 | D:1      | Reached XP level 1. HP: 17/17 MP: 5/5
    28 | D:1      | Reached skill level 1 in Throwing
    30 | D:1      | Reached skill level 1 in Armour
   118 | D:1      | Reached skill level 2 in Polearms
   152 | D:1      | Reached XP level 2. HP: 22/24 MP: 7/7
   161 | D:1      | Learned a level 2 spell: Blink
  1073 | D:2      | Reached XP level 3. HP: 28/29 MP: 8/8
  1080 | D:2      | Found a shimmering altar of Xom.
  1261 | D:2      | Reached skill level 3 in Polearms
  1859 | D:3      | Reached XP level 4. HP: 18/36 MP: 9/9
  2029 | D:3      | Noticed Jessica
  2042 | D:3      | Noticed Robin
  2061 | D:3      | Killed Robin
  2086 | D:3      | Killed Jessica
  2468 | D:3      | Reached XP level 5. HP: 41/41 MP: 10/10
  2725 | D:3      | Reached skill level 4 in Polearms
  3085 | D:4      | Gained mutation: Your system is resistant to poisons. (rPois) [potion of mutation]
  3085 | D:4      | Gained mutation: You occasionally shout uncontrollably at your foes. [potion of mutation]
  3085 | D:4      | Gained mutation: Your spells are a little easier to cast, but a little less powerful. [potion of mutation]
  3085 | D:4      | Gained mutation: You are robust. (+10% HP) [potion of mutation]
  3181 | D:4      | Noticed a phantom
  3242 | D:4      | Killed a phantom
  3242 | D:4      | Reached skill level 5 in Polearms
  3242 | D:4      | Reached XP level 6. HP: 19/52 MP: 11/11
  3469 | D:4      | Found a staircase to the Ecumenical Temple.
  3475 | Temple   | Entered the Ecumenical Temple
  3756 | D:4      | Found a hide-covered altar of Uskayaw.
  3825 | D:4      | Noticed Rrauwl's ghost (novice HaHu)
  3838 | D:4      | Killed Rrauwl's ghost
  3838 | D:4      | Reached skill level 6 in Polearms
  3838 | D:4      | Reached XP level 7. HP: 38/60 MP: 13/13
  4094 | D:4      | Reached skill level 7 in Polearms
  4520 | D:4      | Reached skill level 11 in Polearms
  4520 | D:4      | Reached XP level 8. HP: 78/78 MP: 14/14
  4784 | D:5      | Entered Level 5 of the Dungeon
  4784 | D:5      | Found a shattered altar of Ashenzari.
  5720 | D:6      | Reached XP level 9. HP: 80/85 MP: 15/15
  5779 | D:6      | Found an iron altar of Okawaru.
  6030 | D:6      | Noticed Edmund
  6035 | D:6      | Killed Edmund
  6381 | D:6      | Noticed Prince Ribbit
  6416 | D:6      | Killed Prince Ribbit
  7114 | D:7      | Got an ancient flail
  7115 | D:7      | Identified the cursed +1 flail of Piminicw {protect, rElec rF- rC+ Dex+5} (You found it on level 7 of the Dungeon)
  7140 | D:7      | Found a basalt altar of Yredelemnul.
  7140 | D:7      | Found a bloodstained altar of Trog.
  7167 | D:7      | Found a blossoming altar of Fedhas.
  7168 | D:7      | Found a sacrificial altar of Ru.
  7178 | D:7      | Found a sparkling altar of Nemelex Xobeh.
  7727 | D:8      | Noticed Erica
  7731 | D:8      | Killed Erica
  7731 | D:8      | Reached skill level 12 in Polearms
  7731 | D:8      | Reached XP level 10. HP: 73/94 MP: 17/17
  7776 | D:8      | Noticed Psyche
  7785 | D:8      | Killed Psyche
  7785 | D:8      | Reached skill level 5 in Armour
  8040 | D:8      | Got a twitching platinum ring
  8041 | D:8      | Identified the ring of Idew {Int+3 Dex+3} (You found it on level 8 of the Dungeon)
  8098 | D:8      | Noticed BorisKarlOrff's ghost (novice GrBe)
  8111 | D:8      | Killed BorisKarlOrff's ghost
  8246 | D:8      | Noticed a two-headed ogre
  8251 | D:8      | Killed a two-headed ogre
  8385 | D:8      | Noticed Maurice
  8783 | D:8      | Found a white marble altar of Elyvilon.
  9139 | D:9      | Noticed Grum
  9155 | D:9      | Killed Grum
  9210 | D:9      | Noticed a two-headed ogre
  9543 | D:9      | Noticed a two-headed ogre
  9545 | D:9      | Killed a two-headed ogre
  9545 | D:9      | Reached skill level 1 in Bows
  9548 | D:9      | Killed a two-headed ogre
  9548 | D:9      | Reached skill level 5 in Dodging
  9849 | D:9      | Found an ancient bone altar of Kikubaaqudgha.
  9849 | D:9      | Found a deep blue altar of Sif Muna.
  9851 | D:9      | Found a stormy altar of Qazlal.
  9905 | D:10     | Entered Level 10 of the Dungeon
  9929 | D:10     | Reached XP level 11. HP: 53/101 MP: 19/19
 10713 | D:10     | Noticed Nergalle
 10760 | D:10     | Killed Nergalle
 10760 | D:10     | Reached skill level 13 in Polearms
 11070 | D:10     | Got a brightly glowing chain mail
 11081 | D:10     | Identified the +6 chain mail "Ruig Firph" {Dex+6} (You found it on level 10 of the Dungeon)
 11905 | D:11     | Found a staircase to the Orcish Mines.
 12043 | D:11     | Reached skill level 5 in Bows
 12424 | D:11     | Found a staircase to the Lair.
 13105 | D:11     | Noticed Josephine
 13127 | D:11     | Killed Josephine
 13513 | D:11     | Reached skill level 14 in Polearms
 13701 | D:11     | Noticed a wizard
 13713 | D:11     | Killed a wizard
 13787 | D:11     | Noticed a wizard
 13788 | D:11     | Found the ring of Robustness {AC+8}
 13788 | D:11     | Noticed a brown very ugly thing
 13798 | D:11     | Killed a brown very ugly thing
 13798 | D:11     | Reached skill level 1 in Evocations
 13798 | D:11     | Reached XP level 12. HP: 69/110 MP: 18/20
 14000 | Lair:1   | Entered Level 1 of the Lair of Beasts
 15269 | Lair:2   | Found a hole to the Spider Nest.
 15283 | Lair:2   | Reached skill level 5 in Evocations
 15341 | Lair:2   | Found a staircase to the Swamp.
 15367 | Lair:2   | Noticed a four-headed hydra
 15377 | Lair:2   | Killed a five-headed hydra
 16828 | Lair:3   | Reached XP level 13. HP: 99/117 MP: 21/21
 16981 | Lair:3   | Found a labyrinth entrance.
 16990 | Lab      | Entered a labyrinth
 18791 | Lab      | Learned a level 1 spell: Apportation
 18980 | Lair:3   | Noticed Fannar
 19018 | Lair:3   | Killed Fannar
 19036 | Lair:3   | Noticed Snorg
 19056 | Lair:3   | Killed Snorg
 19056 | Lair:3   | Reached skill level 15 in Polearms
 20883 | Lair:4   | Noticed Sonja
 20890 | Lair:4   | Cast into level 2 of the Abyss (Sonja)
 21076 | Abyss:3  | Got a glittering lead ring
 21081 | Abyss:3  | Identified the ring of Goblubba {rPois rN+ Int+4} (You found it on level 3 of the Abyss)
 21114 | Abyss:3  | Lost mutation: You are robust. (+10% HP) [potion of mutation]
 21114 | Abyss:3  | Lost mutation: Your spells are a little easier to cast, but a little less powerful. [potion of mutation]
 21114 | Abyss:3  | Lost mutation: Your system is resistant to poisons. (rPois) [potion of mutation]
 21114 | Abyss:3  | Gained mutation: Your flesh is heat resistant. (rF+) [potion of mutation]
 21114 | Abyss:3  | Gained mutation: You possess an exceptional clarity of mind. [potion of mutation]
 21114 | Abyss:3  | Gained mutation: Your mind is acute. (Int +2) [potion of mutation]
 21159 | Abyss:3  | Noticed a balrug
 21169 | Abyss:3  | Slain by a sun demon

Skill      XL: |  1  2  3  4  5  6  7  8  9 10 11 12 13 |
---------------+----------------------------------------+-----
Throwing       | 1 |  1.0
Armour         | 1 2 3 4 6 7 8 |  8.0
Polearms       | 2 3 5 6 11 12 14 15 | 15.4
Spellcasting   | 2 3 |  3.0
Fighting       | 2 6 7 8 |  8.0
Dodging        | 2 4 5 6 |  6.0
Translocations | 3 |  3.9
Bows           | 2 6 7 |  7.4
Evocations     | 1 5 6 |  6.6

Action                   |  1- 3 |  4- 6 |  7- 9 | 10-12 | 13-15 || total
-------------------------+-------+-------+-------+-------+-------++-------
Melee: Spear             |   212 |   261 |   272 |       |       ||   745
       Halberd           |       |       |   129 |       |       ||   129
       Lajatang          |       |       |   116 |   695 |   301 ||  1112
 Fire: Shortbow          |       |       |       |   170 |    48 ||   218
 Cast: Blink             |       |       |       |     1 |       ||     1
 Abil: Evoke Berserk Rag |       |       |       |       |     1 ||     1
Evoke: Wand              |       |       |       |     8 |     5 ||    13
       Sack of spiders   |       |       |       |     1 |       ||     1
       Box of beasts     |       |       |       |       |     1 ||     1
  Use: Potion            |     5 |     5 |     2 |     8 |     2 ||    22
       Scroll            |     3 |     3 |     5 |    10 |     2 ||    23
 Stab: Sleeping          |     3 |       |       |       |       ||     3
  Eat: Chunk             |     3 |     5 |    11 |    17 |     1 ||    37
       Ration            |       |     1 |       |     4 |     4 ||     9
Armor: Leather armour    |    14 |       |       |       |       ||    14
       Chain mail        |    31 |    99 |   149 |   302 |    49 ||   630
       Skin              |       |    23 |       |       |       ||    23
       Ring mail         |       |       |       |    48 |       ||    48
       Storm dragon scal |       |       |       |       |   135 ||   135
Dodge: Dodged            |    54 |    77 |   129 |   342 |   146 ||   748
